 Dungeon Crawl Stone Soup version 0.23-a0-619-g281719c (webtiles) character file.

1404 Mgcat the Firebug (level 8, -1/70 HPs)
             Began as a Hill Orc Fire Elementalist on Dec 22, 2018.
             Slain by a gnoll
             ... wielding a +0 spear
              (9 damage)
             ... on level 6 of the Dungeon.
             The game lasted 00:15:29 (7729 turns).

Mgcat the Firebug (Hill Orc Fire Elementalist)      Turns: 7729, Time: 00:15:30

Health: -1/70      AC:  3    Str: 11    XL:     8   Next: 69%
Magic:  13/14      EV: 12    Int: 17    God:
Gold:   293        SH:  0    Dex: 11    Spells: 5/15 levels left

rFire    + + .     SeeInvis .   t - +1 long sword (elec)
rCold    + . .     Gourm    .   (no shield)
rNeg     . . .     Faith    .   A - +0 robe {rF+}
rPois    .         Spirit   .   p - +0 helmet
rElec    .         Reflect  .   e - scarf {rC+ rF+}
rCorr    .         Harm     .   (no gloves)
MR       .....                  (no boots)
Stlth    ++........             (no amulet)
HPRegen  0.21/turn              (no ring)
MPRegen  0.14/turn              (no ring)

@: no status effects
A: no striking features
a: no special abilities


You were on level 6 of the Dungeon.
You were not hungry.

You visited 2 branches of the dungeon, and saw 7 of its levels.
You also visited: Sewer.

You collected 293 gold pieces.

Inventory:

Hand Weapons
 t - a +1 long sword of electrocution (weapon)
   (You found it in a sewer)
Armour
 e - a scarf of resistance (worn)
   (You found it on level 1 of the Dungeon)
 p - a +0 helmet (worn)
   (You took it off Robin on level 2 of the Dungeon)
 A - a +0 robe of fire resistance (worn)
   (You found it on level 5 of the Dungeon)
Wands
 n - a wand of enslavement (8)
   (You found it on level 2 of the Dungeon)
 r - a wand of iceblast (11)
   (You found it in a sewer)
 y - a wand of flame (13)
   (You found it on level 4 of the Dungeon)
 z - a wand of disintegration (6)
   (You found it on level 5 of the Dungeon)
Scrolls
 a - a scroll of holy word {unknown}
 b - a scroll of magic mapping {unknown}
 d - 3 scrolls of enchant weapon {unknown}
 i - 4 scrolls of remove curse
 m - a scroll of fear {unknown}
 q - a scroll of blinking {unknown}
 v - a scroll of amnesia
 x - a scroll of teleportation {unknown}
Potions
 f - a potion of agility
 g - 2 potions of resistance
 h - a potion of mutation {unknown}
 j - 3 potions of invisibility
 k - a potion of haste {unknown}
 l - a potion of magic {unknown}
 o - 3 potions of flight {unknown}
 s - a potion of might {unknown}
 u - 3 potions of curing {unknown}
 w - a potion of brilliance {unknown}
Comestibles
 c - 7 rations


   Skills:
 + Level 6.0 Fighting
 - Level 1.5 Dodging
 - Level 1.5 Stealth
 + Level 4.2 Spellcasting
 + Level 5.1 Conjurations
 + Level 6.5 Fire Magic


You had 5 spell levels left.
You knew the following spells:

 Your Spells              Type           Power        Failure   Level  Hunger
a - Flame Tongue          Conj/Fire      ###..        1%          1    None
b - Throw Flame           Conj/Fire      ###...       1%          2    ##.....
c - Conjure Flame         Conj/Fire      ###.....     4%          3    ###....
d - Sticky Flame          Conj/Fire      ###.....     14%         4    ####...

Your spell library contained the following spells:

 Spells                   Type           Power        Failure   Level  Hunger
 Inner Flame              Hex/Fire       ##......     12%         3    ###....
 Corona                   Hex            #......      16%         1    None
 Dazzling Spray           Conj/Hex       ##....       16%         3    ###....
 Ensorcelled Hibernation  Hex/Ice        #.....       24%         2    ##.....
 Fireball                 Conj/Fire      ###.......   36%         5    ######.
 Confuse                  Hex            #.......     43%         3    ###....
 Tukima's Dance           Hex            #.......     43%         3    ###....


Dungeon Overview and Level Annotations

Branches:
Dungeon (6/15)             Temple (1/1) D:6

Altars:
Ashenzari
Cheibriados
Dithmenos
Elyvilon
Fedhas
Gozag
Hepliaklqana
Kikubaaqudgha
Makhleb
Nemelex Xobeh
Qazlal
Ru
Sif Muna
Uskayaw
Wu Jian
Xom
Yredelemnul
Zin
The Shining One

Shops:
D:5 **:*


Message History

Key pressed, stopping explore.
Found a shattered altar of Ashenzari and a hazy altar of Hepliaklqana.
You enter the shallow water.
Moving in this stuff is going to be slow.
Found a glowing golden altar of the Shining One.
You enter the shallow water.
Moving in this stuff is going to be slow.
Found a shadowy altar of Dithmenos.
You enter the shallow water.
Moving in this stuff is going to be slow.
Key pressed, stopping explore.
Found a stormy altar of Qazlal.
You enter the shallow water.
Moving in this stuff is going to be slow.
Found a blossoming altar of Fedhas.
You enter the shallow water.
Moving in this stuff is going to be slow.
Found a sparkling altar of Nemelex Xobeh.
There is a blossoming altar of Fedhas here.
You enter the shallow water.
Moving in this stuff is going to be slow.
You enter the shallow water.
Moving in this stuff is going to be slow.
Key pressed, stopping explore.
You enter the shallow water.
Moving in this stuff is going to be slow.
Key pressed, stopping explore.
You enter the shallow water.
Moving in this stuff is going to be slow.
Key pressed, stopping explore.
You enter the shallow water.
Moving in this stuff is going to be slow.
Key pressed, stopping explore.
You enter the shallow water.
Moving in this stuff is going to be slow.
Key pressed, stopping explore.
You enter the shallow water.
Moving in this stuff is going to be slow.
Key pressed, stopping explore.
Done exploring.
Done exploring.
Done exploring.
Done exploring.
Done exploring.
Done exploring.
Done exploring.
You enter the shallow water.
Moving in this stuff is going to be slow.
You enter the shallow water.
Moving in this stuff is going to be slow.
You enter the shallow water.
Moving in this stuff is going to be slow.
You enter the shallow water.
Moving in this stuff is going to be slow.
There is a staircase back to the Dungeon here.
Unknown command.
Unknown command.
You climb upwards.
Welcome back to the Dungeon!
There is a staircase to the Ecumenical Temple here.
A gnoll comes into view. It is wielding a +0 spear.
The gnoll shouts!
You hear a bark!
A gnoll comes into view. It is wielding a +0 spear.
There are monsters nearby!
Casting: Throw Flame (safe; 1% risk of failure)
Confirm with . or Enter, or press ? or * to list all spells.
Aiming: Throw Flame (safe; 1% risk of failure)
Press: ? - help, Shift-Dir - straight line, f - gnoll
Aim: a gnoll, wielding a +0 spear The puff of flame misses the gnoll.
The gnoll barely misses you.
A gnoll and a zombie come into view.
The gnoll shouts!
You hear a shout!
The gnoll hits you with a +0 spear.
You barely miss the gnoll. The gnoll hits you with a +0 spear.
You barely miss the gnoll. The gnoll misses you.
You riposte.
You hit the gnoll. Lightning courses through the gnoll!
You kill the gnoll!
The gnoll barely misses you. The gnoll hits you with a +0 spear!
You see here a +0 spear.
You closely miss the gnoll. The gnoll closely misses you.
You hit the gnoll.
The gnoll is lightly wounded.
The gnoll hits you with a +0 spear! The gnoll hits you but does no damage.
The gnoll hits you with a +0 spear.
You barely miss the gnoll.
The gnoll is lightly wounded.
The gnoll hits you from afar with a +0 spear!
The gnoll hits you with a +0 spear! The gnoll barely misses you.
You barely miss the gnoll.
The gnoll is lightly wounded.
The gnoll barely misses you. The gnoll hits you but does no damage.
You hit the gnoll but do no damage.
The gnoll is lightly wounded.
The gnoll misses you.
The gnoll hits you from afar with a +0 spear!
* * * LOW HITPOINT WARNING * * *
The gnoll hits you with a +0 spear!
* * * LOW HITPOINT WARNING * * *
The gnoll hits you from afar with a +0 spear!
You die...

.... ..... #...
.... #... ...# #
... ... .# .. ..
..#.⌠ #.# #. Z..#
# .. #.#gg.# ..
#.##.@# #
#.##..##.## .##
####.###.##..#
..#
#............#
.##
#.#.#.#.#.#..# .#
#............# ##
##.#.......#..# #
##.............#
##...#...>...#..#


You could see 2 gnolls and a hound zombie.

Vanquished Creatures
  A sky beast (D:5)
  3 ogres
  A phantom (D:6)
  A centaur (D:5)
  A crocodile (Sewer)
  A scorpion (D:4)
  A howler monkey (D:4)
  2 crimson imps
  A jelly (D:6)
  3 orc wizards
  2 hounds (D:4)
  An orc priest (D:3)
  Crazy Yiuf (D:2)
  5 worker ants
  Robin (D:2)
  A worker ant zombie (D:5)
  A gnoll (D:6)
  A river rat (D:3)
  15 adders
  3 oozes
  2 adder skeletons
  3 dart slugs
  A leopard gecko (D:3)
  15 orcs
  A ball python (D:4)
  9 giant cockroaches
  16 goblins
  12 hobgoblins
  6 jackals
  13 kobolds
  A quokka (D:2)
  7 bats
  6 frilled lizards
  2 leopard gecko skeletons
  10 rats
150 creatures vanquished.

Notes
Turn   | Place    | Note
-------+----------+-------------------------------------------
     0 | D:1      | Mgcat the Hill Orc Fire Elementalist began the quest for
                  | the Orb.
     0 | D:1      | Reached XP level 1. HP: 14/14 MP: 3/3
   180 | D:1      | Reached XP level 2. HP: 22/22 MP: 2/4
   269 | D:1      | Reached skill level 1 in Fighting
   371 | D:1      | Learned a level 2 spell: Throw Flame
   566 | D:1      | Reached XP level 3. HP: 22/28 MP: 0/5
  1040 | D:1      | Reached skill level 2 in Spellcasting
  1335 | D:2      | Noticed Robin
  1529 | D:2      | Reached skill level 2 in Conjurations
  1537 | D:2      | HP: 5/29 [goblin/+0 dagger[Robin] (6)]
  1538 | D:2      | Reached XP level 4. HP: 6/36 MP: 0/7
  1784 | D:1      | Learned a level 3 spell: Conjure Flame
  1846 | D:2      | Reached skill level 4 in Fire Magic
  1987 | D:2      | Reached skill level 2 in Fighting
  2070 | D:2      | Killed Robin
  2380 | D:2      | Reached XP level 5. HP: 22/42 MP: 0/8
  2646 | D:2      | Found a sparkling altar of Nemelex Xobeh.
  2712 | D:2      | Found a runed door.
  2928 | D:2      | Found a faded altar of an unknown god.
  3251 | D:2      | Noticed Crazy Yiuf
  3257 | D:2      | Killed Crazy Yiuf
  3442 | D:3      | Reached skill level 3 in Fighting
  3533 | D:3      | Reached XP level 6. HP: 44/51 MP: 4/9
  3593 | D:3      | Reached skill level 3 in Conjurations
  3647 | D:3      | Found a glowing drain.
  3669 | Sewer    | Entered a sewer
  4528 | D:4      | Reached skill level 3 in Spellcasting
  4528 | D:4      | Reached skill level 5 in Fire Magic
  4593 | D:4      | Reached XP level 7. HP: 19/58 MP: 1/11
  4596 | D:4      | HP: 14/58 [poisoned by a scorpion]
  4601 | D:4      | HP: 9/58 [poisoned by a scorpion]
  4607 | D:4      | HP: 6/58 [poisoned by a scorpion]
  4612 | D:4      | HP: 4/58 [poisoned by a scorpion]
  4618 | D:4      | HP: 3/58 [poisoned by a scorpion]
  4626 | D:4      | HP: 3/58 [poisoned by a scorpion]
  4879 | D:4      | Reached skill level 4 in Fighting
  4893 | D:4      | HP: 14/59 [poisoned by an adder]
  4900 | D:4      | HP: 12/59 [poisoned by an adder]
  4907 | D:4      | HP: 12/59 [poisoned by an adder]
  4915 | D:4      | HP: 11/59 [poisoned by an adder]
  5317 | D:4      | Reached skill level 4 in Conjurations
  5584 | D:4      | Reached XP level 8. HP: 67/67 MP: 0/13
  5689 | D:4      | Learned a level 4 spell: Sticky Flame
  6154 | D:5      | Entered Level 5 of the Dungeon
  6221 | D:5      | Reached skill level 5 in Fighting
  6230 | D:5      | Reached skill level 6 in Fire Magic
  6545 | D:5      | Found Jishoi's Book Shop.
  6548 | D:5      | Found Tirih's General Store.
  6637 | D:5      | Found Jos Soso's General Store.
  6648 | D:5      | Reached skill level 4 in Spellcasting
  6901 | D:5      | Reached skill level 5 in Conjurations
  6977 | D:5      | Found Funiluipic's General Store.
  7311 | D:6      | Reached skill level 6 in Fighting
  7473 | D:6      | Found a hide-covered altar of Uskayaw.
  7537 | D:6      | Found a staircase to the Ecumenical Temple.
  7546 | Temple   | Entered the Ecumenical Temple
  7729 | D:6      | HP: 8/70 [gnoll/+0 spear (11)]
  7729 | D:6      | Slain by a gnoll

Vault maps used:
D:1:      shiori_arrival_maze
D:2:      chequers_ecumenical_altar_island, nemelex_dance_club_becter,
          uniq_crazy_yiuf_cottage, uniq_robin
D:3:      gup_sewer_entry_bubbles, first_ration
D:5:      serial_shops, shop, nicolae_shop_waterfront, nicolae_shop_waterfront,
          shop
D:6:      eat_drink_and_be_merry_uskayaw, nicolae_overflow_crystal_walls,
          minmay_temple_entry_glass, grunt_decor_mini_mirrors
Temple:   regret_index_temple_mists
Sewer:    sewer_the_crocodile

Skill      XL: |  1  2  3  4  5  6  7  8 |
---------------+-------------------------+-----
Fighting       | 1 2 3 4 6 |  6.0
Spellcasting   | 2 3 4 |  4.2
Conjurations   | 2 3 4 5 |  5.1
Fire Magic     | 4 5 6 |  6.5
Dodging        | |  1.5
Stealth        | |  1.5

Action                   |  1- 3 |  4- 6 |  7- 9 || total
-------------------------+-------+-------+-------++-------
Melee: Unarmed           |     5 |       |       ||     5
       Mace              |    14 |    20 |       ||    34
       Long sword        |       |    14 |    72 ||    86
       Quarterstaff      |       |     3 |       ||     3
 Cast: Flame Tongue      |    62 |    88 |    24 ||   174
       Throw Flame       |       |    42 |    62 ||   104
       Conjure Flame     |       |     1 |     3 ||     4
  Use: Scroll            |       |     5 |       ||     5
       Potion            |       |     1 |       ||     1
  Eat: Chunk             |     3 |    13 |    10 ||    26
       Ration            |       |       |     1 ||     1
Armor: Robe              |    18 |    12 |     9 ||    39
Dodge: Dodged            |    37 |    59 |    62 ||   158
       Rpst.: Long sword |       |     2 |    21 ||    23

Table legend:
 A = Non-vault XP
 B = Vault XP
 C = Vault XP percentage of total XP
 D = Non-vault monster count
 E = Vault monster count
 F = Vault count percentage of total count
                 A         B        C        D         E       F
            +---------+---------+-------+---------+---------+-------
      Total |    1762 |     244 |  12.2 |     122 |      28 |  18.7
            +---------+---------+-------+---------+---------+-------
        D:1 |      61 |      10 |  14.1 |      26 |       5 |  16.1
        D:2 |     151 |      77 |  33.8 |      30 |      11 |  26.8
        D:3 |      95 |      44 |  31.7 |      19 |       6 |  24.0
        D:4 |     672 |       0 |   0.0 |      22 |       0 |   0.0
        D:5 |     610 |       0 |   0.0 |      22 |       0 |   0.0
        D:6 |     173 |       0 |   0.0 |       3 |       0 |   0.0
      Sewer |       0 |     113 | 100.0 |       0 |       6 | 100.0
            +---------+---------+-------+---------+---------+-------

Vault maps used:
D:1:      shiori_arrival_maze
D:2:      chequers_ecumenical_altar_island, nemelex_dance_club_becter,
          uniq_crazy_yiuf_cottage, uniq_robin
D:3:      gup_sewer_entry_bubbles, first_ration
D:5:      serial_shops, shop, nicolae_shop_waterfront, nicolae_shop_waterfront,
          shop
D:6:      eat_drink_and_be_merry_uskayaw, nicolae_overflow_crystal_walls,
          minmay_temple_entry_glass, grunt_decor_mini_mirrors
Temple:   regret_index_temple_mists
Sewer:    sewer_the_crocodile

Table legend:
 A = Turns spent in this place as a percentage of turns spent in the entire game.
 B = Non-inter-level travel turns spent in this place as a percentage of non-inter-level travel turns spent in the entire game.
 C = Inter-level travel turns spent in this place as a percentage of turns spent in this place.
 D = Turns resting spent in this place as a percentage of non-inter-level travel turns spent in this place.
 E = Turns spent auto-exploring this place as a percentage of non-inter-level travel turns spent in this place.
 F = Non-inter-level travel turns spent in this place divided by the number of levels of this place that you've seen.
                   A       B       C       D       E      F
               +-------+-------+-------+-------+-------+----------------------
         Total | 100.0 | 100.0 |   3.0 |  20.5 |  65.8 | 936.8
       Dungeon |  94.6 |  94.8 |   2.8 |  21.7 |  65.3 | 1183.8
        Temple |   2.1 |   1.8 |  16.4 |   0.0 |  96.4 | 138.0
         Sewer |   3.3 |   3.4 |   0.0 |   0.8 |  65.2 | 253.0
               +-------+-------+-------+-------+-------+----------------------

Table legend:
 A = Kills in this place as a percentage of kills in entire the game.
 B = Kills by you in this place as a percentage of kills by you in the entire game.
 C = Kills by friends in this place as a percentage of kills by friends in the entire game.
 D = Other kills in this place as a percentage of other kills in the entire game.
 E = Experience gained in this place as a percentage of experience gained in the entire game.
 F = Experience gained in this place divided by the number of levels of this place that you have seen.
                   A       B       C       D       E      F
               +-------+-------+-------+-------+-------+----------------------
         Total | 100.0 | 100.0 |   N/A |   N/A | 100.0 | 250.8
       Dungeon |  96.0 |  96.0 |   N/A |   N/A |  94.4 | 315.5
         Sewer |   4.0 |   4.0 |   N/A |   N/A |   5.6 | 113.0
               +-------+-------+-------+-------+-------+----------------------
